 Dungeon Crawl Stone Soup version 0.29-a0-512-gf59ac788ac (webtiles) character file.

Game seed: 8195540181651523279

550 happo123 the Sneak (level 7, -1/51 HPs)
             Began as a Gnoll Enchanter on May 29, 2022.
             Killed by divine providence
             ... invoked by an orc priest
              (15 damage)
             ... on level 5 of the Dungeon.
             The game lasted 00:22:08 (4055 turns).

happo123 the Sneak (Gnoll Enchanter)                Turns: 4055, Time: 00:22:08

Health: -1/51      AC:  6    Str:  7    XL:     7   Next: 29%
Magic:  24/24      EV: 13    Int: 17    God:
Gold:   184        SH:  0    Dex: 12    Spells: 5/17 levels left

rFire   . . .      SeeInvis .   r - +0 short sword (venom)
rCold   . . .      Faith    .   (no shield)
rNeg    . . .      Spirit   .   b - +0 robe
rPois   +          Reflect  .   B - +0 helmet
rElec   .          Harm     .   (no cloak)
rCorr   .          Rampage  .   k - +2 pair of gloves
Will    .....                   (no boots)
Stlth   +++.......              s - amulet of magic regeneration
HPRegen 0.17/turn               q - ring of magical power
MPRegen 0.59/turn               z - ring of poison resistance

@: no status effects
A: fangs 1, strong nose, distributed training
a: no special abilities


You were on level 5 of the Dungeon.
You visited 1 branch of the dungeon, and saw 5 of its levels.

You collected 184 gold pieces.

Inventory:

Hand Weapons
 a - a +1 dagger
 r - a +0 short sword of venom (weapon)
 v - a +0 war axe of electrocution
Armour
 b - a +0 robe (worn)
 k - a +2 pair of gloves (worn)
 B - a +0 helmet (worn)
Jewellery
 q - a ring of magical power (left hand)
 s - an amulet of magic regeneration (around neck)
 z - a ring of poison resistance (right hand)
Wands
 w - a wand of acid (7)
Scrolls
 g - 4 scrolls of identify {unknown}
 i - 2 scrolls of teleportation {unknown}
 j - 3 scrolls of immolation {unknown}
 l - a scroll of amnesia {unknown}
 m - a scroll of poison {unknown}
 n - a scroll of noise {unknown}
 p - 2 scrolls of acquirement {unknown}
 t - a scroll of fog {unknown}
 x - 2 scrolls of vulnerability {unknown}
 y - 2 scrolls of blinking {unknown}
Potions
 c - 2 potions of invisibility
 d - 3 potions of flight {unknown}
 e - 2 potions of attraction {unknown}
 f - 5 potions of curing {unknown}
 h - a potion of cancellation {unknown}
 o - 2 potions of magic {unknown}
 u - a potion of lignification {unknown}
 A - a potion of might {unknown}
 C - a potion of degeneration {unknown}


   Skills:
 + Level 2.4 Fighting
 + Level 3.5 Short Blades
 + Level 2.4 Long Blades
 + Level 2.4 Axes
 + Level 2.4 Maces & Flails
 + Level 2.4 Polearms
 + Level 2.4 Staves
 + Level 2.4 Slings
 + Level 2.4 Bows
 + Level 2.4 Crossbows
 + Level 2.4 Throwing
 + Level 2.4 Armour
 + Level 5.2 Dodging
 + Level 6.5 Stealth
 + Level 2.4 Shields
 + Level 2.4 Unarmed Combat
 + Level 5.6 Spellcasting
 + Level 2.0 Conjurations
 + Level 5.8 Hexes
 + Level 2.0 Summonings
 + Level 2.0 Necromancy
 + Level 2.0 Translocations
 + Level 2.0 Transmutations
 + Level 2.0 Fire Magic
 + Level 2.0 Ice Magic
 + Level 2.0 Air Magic
 + Level 2.0 Earth Magic
 + Level 2.0 Poison Magic
 + Level 2.6 Invocations
 + Level 2.4 Evocations


You had 5 spell levels left.
You knew the following spells:

 Your Spells              Type           Power      Damage    Failure   Level
a - Ensorcelled Hibernat  Hex/Ice        36%        N/A       4%          2
b - Confusing Touch       Hex            24%        N/A       3%          3
c - Cause Fear            Hex            12%        N/A       12%         4
d - Tukima's Dance        Hex            24%        N/A       3%          3

Your spell library contained the following spells:

 Spells                   Type           Power      Damage    Failure   Level
 Dazzling Flash           Conj/Hex       36%        N/A       9%          3
 Inner Flame              Hex/Fire       18%        N/A       9%          3
 Discord                  Hex            12%        N/A       100%        8


Dungeon Overview and Level Annotations

Branches:
Dungeon (5/15)
 Temple: D:4-7

Altars:
Cheibriados

Shops:
D:4 =


Innate Abilities, Weirdness & Mutations

You have very sharp teeth.
Your uncanny sense of smell can sniff out nearby items.
Your experience applies equally to all skills.


Message History

Your Transmutations skill increases to level 2!
Your Fire Magic skill increases to level 2!
Your Ice Magic skill increases to level 2!
Your Air Magic skill increases to level 2!
Your Earth Magic skill increases to level 2!
Your Poison Magic skill increases to level 2!
An orc priest comes into view. It is wielding a +0 club.
You see here a +0 hand axe.
Things that are here:
a +0 club; an orc corpse You see here a +0 trident.
You start resting.
Magic restored.
You start resting.
HP restored.
Things that are here:
a +0 club; an orc corpse An adder comes into view.
An orc and an adder come into view.
An orc comes into view. It is wielding a +0 club.
Found 15 stones.
An orc priest comes into view. It is wielding a +0 dagger.
The orc shouts!
The orc priest shouts!
The orc shouts!
The orc priest misses you.
You barely miss the orc priest. The orc priest barely misses you.
The orc priest attacks as you move away!
The orc priest misses you. The orc hits you but does no damage.
The orc priest attacks as you move away!
The orc priest hits you but does no damage.
The orc priest calls down the wrath of Beogh upon you.
Beogh smites you! The orc attacks as you move away!
The orc hits you with a +0 club.
The orc priest calls down the wrath of Beogh upon you.
Pain shoots through your body!
The orc priest invokes the aid of Beogh against you.
Beogh smites you!
* * * LOW HITPOINT WARNING * * *
The orc priest calls down the wrath of Beogh upon you.
Beogh smites you!
You die...

+.... .....# #...
.....# . #..#####...#
.. #####..##.##...##...
.......o..............#
....(....o............#
.........o............#
..##...###....####...#
. #...###.o@.####...##
.....#....)).........
......#....<.)........
..... #...............
#...............
###+##.####...## #+#
...# .... ....


You could see 2 orc priests and 2 orcs.

Vanquished Creatures
  Sigmund (D:4)
  A phantom (D:4)
  An orc priest (D:5)
  A hound (D:3)
  A jelly (D:4)
  An iguana (D:3)
  An orc wizard (D:4)
  Robin (D:3)
  7 adders
  2 worms (D:2)
  A dart slug (D:2)
  18 orcs
  4 endoplasms
  3 giant cockroaches
  10 goblins
  10 hobgoblins
  4 jackals
  4 kobolds
  A quokka (D:2)
  3 ball pythons
  5 bats
  2 frilled lizards
  4 rats
86 creatures vanquished.

Notes
Turn   | Place    | Note
-------+----------+-------------------------------------------
     0 | D:1      | happo123 the Gnoll Enchanter began the quest for the Orb.
     0 | D:1      | Reached XP level 1. HP: 13/13 MP: 6/6
   104 | D:1      | Found a faded altar of an unknown god.
   247 | D:1      | Reached XP level 2. HP: 19/19 MP: 7/7
   250 | D:1      | Learned a level 2 spell: Ensorcelled Hibernation
  1098 | D:2      | Reached XP level 3. HP: 25/25 MP: 3/9
  1102 | D:2      | Learned a level 3 spell: Confusing Touch
  1115 | D:2      | Reached skill level 5 in Spellcasting
  1253 | D:2      | Reached skill level 6 in Stealth
  1253 | D:2      | Reached skill level 1 in Invocations
  1318 | D:2      | Reached skill level 1 in Fighting
  1318 | D:2      | Reached skill level 1 in Long Blades
  1318 | D:2      | Reached skill level 1 in Axes
  1318 | D:2      | Reached skill level 1 in Maces & Flails
  1318 | D:2      | Reached skill level 1 in Polearms
  1318 | D:2      | Reached skill level 1 in Staves
  1318 | D:2      | Reached skill level 1 in Slings
  1318 | D:2      | Reached skill level 1 in Bows
  1318 | D:2      | Reached skill level 1 in Crossbows
  1318 | D:2      | Reached skill level 1 in Throwing
  1318 | D:2      | Reached skill level 1 in Armour
  1318 | D:2      | Reached skill level 1 in Shields
  1318 | D:2      | Reached skill level 1 in Unarmed Combat
  1318 | D:2      | Reached skill level 1 in Evocations
  1334 | D:2      | Reached XP level 4. HP: 22/32 MP: 1/11
  1339 | D:2      | Learned a level 4 spell: Cause Fear
  1343 | D:2      | Learned a level 3 spell: Tukima's Dance
  1866 | D:3      | Noticed Robin
  1867 | D:3      | Killed Robin
  1868 | D:3      | Reached skill level 1 in Conjurations
  1868 | D:3      | Reached skill level 1 in Summonings
  1868 | D:3      | Reached skill level 1 in Necromancy
  1868 | D:3      | Reached skill level 1 in Translocations
  1868 | D:3      | Reached skill level 1 in Transmutations
  1868 | D:3      | Reached skill level 1 in Fire Magic
  1868 | D:3      | Reached skill level 1 in Ice Magic
  1868 | D:3      | Reached skill level 1 in Air Magic
  1868 | D:3      | Reached skill level 1 in Earth Magic
  1868 | D:3      | Reached skill level 1 in Poison Magic
  2553 | D:3      | Reached XP level 5. HP: 37/37 MP: 12/12
  3125 | D:4      | Noticed Sigmund
  3149 | D:4      | Killed Sigmund
  3150 | D:4      | Reached skill level 5 in Dodging
  3150 | D:4      | Reached XP level 6. HP: 41/44 MP: 14/14
  3215 | D:4      | Reached XP level 7. HP: 15/50 MP: 15/15
  3519 | D:4      | Found Minned's Jewellery Shop.
  3643 | D:4      | Found a snail-covered altar of Cheibriados.
  3887 | D:5      | Entered Level 5 of the Dungeon
  4055 | D:5      | Killed from afar by an orc priest

Illustrated notes

Levels and vault maps discovered:
D:1:      lightli_arrival_statue_moat, layout_basic,
          hellmonk_ecumenical_altar_crossroads
D:2:      layout_basic, wad_orctagon
D:3:      layout_loops_ring, minmay_goblin_kobold_house, uniq_robin
D:4:      layout_cave_pools, cheibriados_altar_1, serial_shops,
          nicolae_shop_stone, uniq_sigmund
D:5:      layout_gridville

Skill      XL: |  1  2  3  4  5  6  7 |
---------------+----------------------+-----
Spellcasting   | 5 |  5.6
Stealth        | 6 |  6.5
Invocations    | 1 2 |  2.6
Fighting       | 1 2 |  2.4
Long Blades    | 1 2 |  2.4
Axes           | 1 2 |  2.4
Maces & Flails | 1 2 |  2.4
Polearms       | 1 2 |  2.4
Staves         | 1 2 |  2.4
Slings         | 1 2 |  2.4
Bows           | 1 2 |  2.4
Crossbows      | 1 2 |  2.4
Throwing       | 1 2 |  2.4
Armour         | 1 2 |  2.4
Shields        | 1 2 |  2.4
Unarmed Combat | 1 2 |  2.4
Evocations     | 1 2 |  2.4
Conjurations   | 1 2 |  2.0
Summonings     | 1 2 |  2.0
Necromancy     | 1 2 |  2.0
Translocations | 1 2 |  2.0
Transmutations | 1 2 |  2.0
Fire Magic     | 1 2 |  2.0
Ice Magic      | 1 2 |  2.0
Air Magic      | 1 2 |  2.0
Earth Magic    | 1 2 |  2.0
Poison Magic   | 1 2 |  2.0
Short Blades   | 3 |  3.5
Dodging        | 5 |  5.2
Hexes          | |  5.8

Action                   |  1- 3 |  4- 6 |  7- 9 || total
-------------------------+-------+-------+-------++-------
Melee: Dagger            |    82 |     4 |       ||    86
       Bite              |     4 |     2 |     4 ||    10
       Short sword       |       |    64 |    32 ||    96
       Punch             |       |     3 |       ||     3
 Cast: Ensorcelled Hiber |    14 |    47 |    22 ||    83
       Confusing Touch   |       |     2 |     2 ||     4
       Cause Fear        |       |     3 |       ||     3
 Stab: Sleeping          |    19 |    32 |    11 ||    62
       Distracted        |     1 |     1 |       ||     2
       Confused          |       |     1 |     1 ||     2
Armor: Robe              |    13 |    21 |    10 ||    44
Dodge: Dodged            |    46 |    53 |    37 ||   136

Table legend: (Time is in decaauts)
 A = Elapsed time spent in this place.
 B = Non-inter-level travel time spent in this place.
 C = Inter-level travel time spent in this place.
 D = Time resting spent in this place.
 E = Time spent auto-exploring this place.
 F = Levels seen in this place.
 G = Mean time per level.
                   A        B        C        D        E       F      G
               +--------+--------+--------+--------+--------+-----+--------+
         Total |   4037 |   3591 |    446 |    434 |   2425 |   5 |  807.4 |
       Dungeon |   4037 |   3591 |    446 |    434 |   2425 |   5 |  807.4 |
               +--------+--------+--------+--------+--------+-----+--------+

Top non-repeatable levels by time:
     D:3: 1144 daAuts
     D:4: 976 daAuts
     D:2: 964 daAuts
     D:1: 860 daAuts
     D:5: 90 daAuts
